 Dungeon Crawl Stone Soup version 0.25-a0-972-g74ed164fb1 (webtiles) character file.

Game seed: 6298868249106996695, levelgen mode: deterministic

46 Harbin the Skirmisher (level 3, 0/29 HPs)
             Began as a Demonspawn Monk on May 9, 2020.
             Succumbed to an adder's poison
             ... on level 2 of the Dungeon.
             The game lasted 00:10:48 (1828 turns).

Harbin the Skirmisher (Demonspawn Monk)             Turns: 1828, Time: 00:10:48

Health: 0/29       AC:  2    Str: 12    XL:     3   Next: 46%
Magic:  3/3        EV: 13    Int: 11    God:
Gold:   75         SH:  0    Dex: 17    Spells: 2/2 levels left

rFire    . . .     SeeInvis .     - Unarmed
rCold    . . .     Gourm    .   (no shield)
rNeg     . . .     Faith    .   a - +0 robe
rPois    .         Spirit   .   (no helmet)
rElec    .         Reflect  .   (no cloak)
rCorr    .         Harm     .   (no gloves)
MR       .....                  (no boots)
Stlth    +++.......             (no amulet)
HPRegen  0.09/turn              (no ring)
MPRegen  0.08/turn              (no ring)

@: lethally poisoned (0 -> -4), hasted, very quick
A: thin skeletal structure 1
a: no special abilities


You were on level 2 of the Dungeon.
You were not hungry.

You visited 1 branch of the dungeon, and saw 2 of its levels.

You collected 75 gold pieces.

Inventory:

Hand Weapons
 g - a +1 hunting sling
Armour
 a - a +0 robe (worn)
 c - a +0 chain mail
Comestibles
 b - 3 rations
 f - a chunk of flesh


   Skills:
 * Level 3.4 Fighting
 + Level 0.4 Armour
 + Level 3.1 Dodging
 - Level 1.9 Stealth
 * Level 3.2 Unarmed Combat


You had 2 spell levels left.
You didn't know any spells.
Your spell library was empty.

Dungeon Overview and Level Annotations

Branches:
Dungeon (2/15)

Altars:


Innate Abilities, Weirdness & Mutations

You have a somewhat thin skeletal structure. (Dex +2, Stealth)


Message History

You feel sick.
Found 7 gold pieces.
* * * LOW HITPOINT WARNING * * *
You feel sick.
You see here a chain mail.
c - a chain mail There isn't anything here!
There is a lethal amount of poison in your body!
* * * LOW HITPOINT WARNING * * *
You feel sick.
* * * LOW HITPOINT WARNING * * *
You feel sick.
Found a ration.
You see here 7 gold pieces.
You eat one of the 4 rations.
That ration really hit the spot!
You now have 75 gold pieces (gained 7).
* * * LOW HITPOINT WARNING * * *
You feel sick.
Some of the chunks of flesh in your inventory have rotted away.
You die...

#....#..##..#. #..............
#...<.#......#+ #...#.##.....#
### #...#.##.....# ...
#...#.##.....# #####.## ....#.#
#...## #%..... ..###.# ...##
#...#.# ..###.# ..##.#@..#.#
......# #..........#.# ..#####
#..###.##..#.# #.# ^.#
#.>........#.####.#.# ..###
..###.##.........#.#
....######...#.........### .#
....#..................# .#####
....#.#........####.#..####......
....#.#........# #.#......#


There were no monsters in sight!

Vanquished Creatures
  An adder (D:2)
  A worm (D:2)
  A dart slug (D:1)
  2 leopard geckos
  A giant cockroach (D:2)
  A goblin (D:1)
  A hobgoblin (D:2)
  4 jackals (D:1)
  3 ball pythons
  4 bats
  4 frilled lizards
  7 kobolds (D:1)
  2 rats (D:1)
32 creatures vanquished.

Notes
Turn   | Place    | Note
-------+----------+-------------------------------------------
     0 | D:1      | Harbin the Demonspawn Monk began the quest for the Orb.
     0 | D:1      | Reached XP level 1. HP: 18/18 MP: 1/1
   395 | D:1      | Gained mutation: You have a somewhat thin skeletal
                  | structure. (Dex +2, Stealth) [demonic ancestry]
   395 | D:1      | Reached XP level 2. HP: 24/24 MP: 2/2
  1543 | D:2      | Reached XP level 3. HP: 22/29 MP: 3/3
  1824 | D:2      | HP: 1/29 [poisoned by an adder]
  1828 | D:2      | Succumbed to an adder's poison

Illustrated notes

Levels and vault maps discovered:
D:1:      dpeg_arrival_tiny_c, layout_loops_ring
D:2:      layout_basic, old_standard_altar, first_ration

Skill      XL: |  1  2 |
---------------+-------+-----
Dodging        | 3 |  3.1
Unarmed Combat | 3 |  3.2
Fighting       | |  3.4
Armour         | |  0.4
Stealth        | |  1.9

Action                   || total
-------------------------++-------
Melee: Unarmed           ||   167
       Punch             ||     5
  Use: Scroll            ||     2
       Potion            ||     1
 Stab: Sleeping          ||     8
  Eat: Chunk             ||     3
       Ration            ||     1
Armor: Robe              ||    23
Dodge: Dodged            ||   110

Table legend:
 A = Non-vault XP
 B = Vault XP
 C = Vault XP percentage of total XP
 D = Non-vault monster count
 E = Vault monster count
 F = Vault count percentage of total count
                 A         B        C        D         E       F
            +---------+---------+-------+---------+---------+-------
      Total |      67 |       0 |   0.0 |      32 |       0 |   0.0
            +---------+---------+-------+---------+---------+-------
        D:1 |      35 |       0 |   0.0 |      22 |       0 |   0.0
        D:2 |      32 |       0 |   0.0 |      10 |       0 |   0.0
            +---------+---------+-------+---------+---------+-------
